 Dungeon Crawl Stone Soup version 0.29.0-4-gdea44cf6ec (webtiles) character file.

Game seed: 15612054665830434339

150 qw the Ruffian (level 5, 0/40 HPs)
             Began as a Ghoul Fire Elementalist on Aug 30, 2022.
             Slain by Pargi (2 damage)
             ... in a sewer.
             The game lasted 00:02:33 (3711 turns).

qw the Ruffian (Ghoul Fire Elementalist)            Turns: 3711, Time: 00:02:34

Health: 0/40       AC:  7    Str: 14    XL:     5   Next: 32%
Magic:  6/6        EV:  7    Int: 10    God:
Gold:   125        SH:  7    Dex:  9    Spells: 6/7 levels left

rFire   . . .      SeeInvis .     - Unarmed
rCold   + . .      Faith    .   g - +0 kite shield
rNeg    + + +      Spirit   .   h - +0 scale mail
rPois   inf        Reflect  .   (no helmet)
rElec   .          Harm     .   (no cloak)
rCorr   .          Rampage  .   k - +0 pair of gloves
Will    .....                   (no boots)
Stlth   ..........              (no amulet)
HPRegen 0.00/turn               (no ring)
MPRegen 0.10/turn               (no ring)

@: inhibited regen, very slow
A: claws 1, cold resistance 1, negative energy resistance 3, inhibited
regeneration, torment resistance 2, devour on kill
a: no special abilities


You were in a sewer.
You visited 1 branch of the dungeon, and saw 3 of its levels.
You also visited: Sewer.

You collected 125 gold pieces.


Innate Abilities, Weirdness & Mutations

You are immune to poison.
You have sharp fingernails.
Your flesh is cold resistant. (rC+)
You are immune to negative energy. (rN+++)
You do not regenerate when monsters are visible.
You are immune to unholy pain and torment.
You thrive by killing the living.


   Skills:
 + Level 1.5 Fighting
 - Level 1.7 Dodging
 - Level 2.1 Stealth
 - Level 2.0 Shields
 - Level 4.1 Unarmed Combat
 - Level 1.7 Spellcasting
 - Level 0.7 Conjurations
 - Level 2.4 Fire Magic


You had 6 spell levels left.
You knew the following spells:

 Your Spells              Type           Power      Damage    Failure   Level
a - Foxfire               Conj/Fire      16%        2x1d4     94%         1

Your spell library contained the following spells:

 Spells                   Type           Power      Damage    Failure   Level
 Scorch                   Fire           10%        2d6       95%         2
 Conjure Flame            Conj/Fire      4%         6-21      100%        3
 Inner Flame              Hex/Fire       3%         N/A       100%        3
 Flame Wave               Conj/Fire      4%         2d5       100%        4

Inventory:

Missiles
 a - 6 boomerangs (quivered)
Armour
 g - a +0 kite shield (worn)
 h - a +0 scale mail (worn)
 k - a +0 pair of gloves (worn)
Scrolls
 j - a scroll of identify
Potions
 b - a potion of attraction {unknown}
 d - a potion of mutation
 f - a potion of curing {unknown}

Dungeon Overview and Level Annotations

Branches:
Dungeon (3/15)              Sewer (1/1)

Altars:

Annotations:
Sewer Pargi


Message History

You block Pargi's attack. Pargi claws you but does no damage.
You block Pargi's attack.
Your unstable footing causes you to fumble your attack.
Pargi bites you. Pargi completely misses you. You block Pargi's attack.
3700 ||| DRINKING potion of heal wounds.
You feel much better. Pargi bites you. Pargi claws you but does no damage. x2
Your unstable footing causes you to fumble your attack.
Pargi bites you but does no damage. Pargi completely misses you.
You block Pargi's attack.
You hit Pargi.
Pargi is lightly wounded.
Pargi bites you. Pargi closely misses you. Pargi barely misses you.
Your unstable footing causes you to fumble your attack.
Pargi bites you. You block Pargi's attack. x2
You barely miss Pargi.
Pargi is lightly wounded.
Pargi bites you but does no damage. Pargi claws you but does no damage. x2
You barely miss Pargi.
Pargi is lightly wounded.
Pargi bites you but does no damage. You block Pargi's attack.
Pargi barely misses you. Pargi bites you. Pargi claws you but does no damage.
Pargi claws you.
You barely miss Pargi.
Pargi is lightly wounded.
Pargi bites you. You block Pargi's attack. Pargi closely misses you.
You hit Pargi but do no damage. Pargi bites you. You block Pargi's attack.
Pargi barely misses you.
Your unstable footing causes you to fumble your attack.
Pargi bites you but does no damage. Pargi claws you but does no damage. x2
Your unstable footing causes you to fumble your attack.
Pargi bites you! You block Pargi's attack. x2
You hit Pargi.
Pargi is lightly wounded.
Pargi bites you but does no damage. Pargi barely misses you.
Pargi closely misses you.
You hit Pargi.
Pargi is lightly wounded.
Pargi barely misses you. Pargi claws you but does no damage. Pargi claws you.
You die...

#~~~~~~~~ ?.!
##~~~~~~~~ #.#
##~~~~~~~~~ #~#
#..~~~~~~~# #.#
#~~~~~~~~~~ #.#
##.~~~~~~~~~ #.#
##.~~~~~~~~~#
#T####.%~~~~~~~~##
###@#.##~~~~~~~~~##
#~~~~.~~~~~~~~~~~#
~~~~~~~~~~~~~~~~~~###
~~~~~~~~~~~~~~~~~~~#
~~~~~~~~~~~~~~~~~~##
~~~~~~~~~~~~~~~~###
~~~~~~~~~~~~~~~~#
~~~~~~~~~~~~~~~~#
~~~~~~~~~~~~####


You could see Pargi.

Vanquished Creatures
  An orc wizard (D:3)
  2 adders (D:2)
  2 gnolls
  2 river rats (D:3)
  A dart slug (D:1)
  2 orcs
  7 ball pythons
  5 endoplasms
  3 giant cockroaches
  7 goblins
  4 hobgoblins
  8 jackals
  5 kobolds
  A quokka (D:1)
  5 bats
  5 frilled lizards
  5 rats
65 creatures vanquished.

Notes
Turn   | Place    | Note
-------+----------+-------------------------------------------
     0 | D:1      | qw the Ghoul Fire Elementalist began the quest for the Orb.
     0 | D:1      | Reached XP level 1. HP: 14/14 MP: 2/2
     0 | D:1      | 0 ||| qw: Version: 0.1-a-90-g952f4b7
     0 | D:1      | 0 ||| qw: Game counter: 4273
     0 | D:1      | 0 ||| qw: Always use a shield: true
     0 | D:1      | 0 ||| qw: God list: Okawaru
     0 | D:1      | 0 ||| qw: Allow faded altars: false
     0 | D:1      | 0 ||| qw: Do Orc after D:15 true
     0 | D:1      | 0 ||| qw: Do second Lair branch before Depths: true
     0 | D:1      | 0 ||| qw: Lair rune preference: random
     0 | D:1      | 0 ||| qw: Plans: Normal
     0 | D:1      | 0 ||| PLANNING D:1-11
   268 | D:1      | Reached skill level 1 in Unarmed Combat
   552 | D:1      | Reached skill level 1 in Fighting
   552 | D:1      | Reached XP level 2. HP: 20/23 MP: 3/3
   603 | D:1      | 603 ||| Stepping ~*~*~tactically~*~*~ (stealth).
   675 | D:1      | 675 ||| UPGRADING to +0 buckler.
   680 | D:1      | 680 ||| UPGRADING to +0 kite shield.
   690 | D:1      | 690 ||| DROPPING +0 buckler.
   691 | D:1      | 691 ||| READING scroll labelled VISOWEAPHU.
   692 | D:1      | 692 ||| READING scroll labelled APE SONYED.
   693 | D:1      | 693 ||| Stepping ~*~*~tactically~*~*~ (cloud).
   740 | D:1      | Reached skill level 1 in Shields
   740 | D:1      | Reached XP level 3. HP: 18/28 MP: 4/4
   931 | D:1      | 931 ||| UPGRADING to +0 leather armour.
   941 | D:1      | 941 ||| DROPPING +0 robe.
   967 | D:1      | Reached skill level 2 in Unarmed Combat
  1644 | D:1      | 1644 ||| READING 3 scrolls labelled ITIMUG OFEVU.
  1645 | D:1      | 1645 ||| READING scroll labelled FEMUOTUAXT.
  1646 | D:1      | 1646 ||| DRINKING 2 sedimented inky potions.
  1647 | D:1      | 1647 ||| DROPPING potion of magic.
  1648 | D:1      | 1648 ||| DROPPING 2 scrolls of noise.
  1748 | D:2      | Identified the +4 quarterstaff of Ruytsief {venom, Int+2
                  | Dex+2}
  1790 | D:2      | 1790 ||| Stepping ~*~*~tactically~*~*~ (stealth).
  1791 | D:2      | 1791 ||| Stepping ~*~*~tactically~*~*~ (stealth).
  1792 | D:2      | 1792 ||| Stepping ~*~*~tactically~*~*~ (stealth).
  1820 | D:2      | HP: 7/28 [jackal (3)]
  1822 | D:2      | HP: 3/28 [constriction (1)]
  1850 | D:2      | 1850 ||| FLEEEEING.
  1851 | D:2      | 1851 ||| FLEEEEING.
  1852 | D:2      | 1852 ||| FLEEEEING.
  1853 | D:2      | 1853 ||| FLEEEEING.
  1854 | D:2      | 1854 ||| FLEEEEING.
  1855 | D:2      | 1855 ||| FLEEEEING.
  1856 | D:2      | 1856 ||| FLEEEEING.
  1857 | D:2      | 1857 ||| FLEEEEING.
  1858 | D:2      | 1858 ||| FLEEEEING.
  1859 | D:2      | 1859 ||| STAIRDANCE
  2079 | D:2      | 2079 ||| STAIRDANCE
  2298 | D:2      | 2298 ||| Stepping ~*~*~tactically~*~*~ (stealth).
  2299 | D:2      | Found a faded altar of an unknown god.
  2300 | D:2      | 2300 ||| Stepping ~*~*~tactically~*~*~ (stealth).
  2318 | D:2      | Reached skill level 3 in Unarmed Combat
  2441 | D:2      | Reached XP level 4. HP: 27/35 MP: 5/5
  2603 | D:2      | 2603 ||| Stepping ~*~*~tactically~*~*~ (stealth).
  2620 | D:2      | 2620 ||| Stepping ~*~*~tactically~*~*~ (stealth).
  2855 | D:2      | 2855 ||| UPGRADING to +0 pair of gloves.
  2860 | D:2      | 2860 ||| READING scroll labelled PAIVVUB GAAWK.
  2861 | D:2      | 2861 ||| READING scroll labelled SOEMEGROTZ.
  2862 | D:2      | 2862 ||| READING scroll labelled OTIXKA JUGYAG.
  2863 | D:2      | 2863 ||| DRINKING 2 smoky clear potions.
  2909 | D:3      | 2909 ||| PLANNING SEWER
  2912 | D:3      | 2912 ||| Stepping ~*~*~tactically~*~*~ (hiding).
  2914 | D:3      | 2914 ||| Stepping ~*~*~tactically~*~*~ (stealth).
  2918 | D:3      | 2918 ||| Stepping ~*~*~tactically~*~*~ (hiding).
  2920 | D:3      | 2920 ||| STAIRDANCE
  3042 | D:3      | Reached XP level 5. HP: 21/40 MP: 6/6
  3331 | D:3      | Found a glowing drain.
  3332 | D:3      | 3332 ||| UPGRADING to +0 scale mail.
  3342 | D:3      | 3342 ||| DROPPING +0 leather armour.
  3354 | D:3      | 3354 ||| Stepping ~*~*~tactically~*~*~ (outnumbered).
  3356 | D:3      | 3356 ||| Stepping ~*~*~tactically~*~*~ (outnumbered).
  3357 | D:3      | 3357 ||| Stepping ~*~*~tactically~*~*~ (outnumbered).
  3358 | D:3      | 3358 ||| Stepping ~*~*~tactically~*~*~ (outnumbered).
  3359 | D:3      | 3359 ||| Stepping ~*~*~tactically~*~*~ (outnumbered).
  3360 | D:3      | 3360 ||| Stepping ~*~*~tactically~*~*~ (outnumbered).
  3361 | D:3      | 3361 ||| Stepping ~*~*~tactically~*~*~ (outnumbered).
  3362 | D:3      | 3362 ||| Stepping ~*~*~tactically~*~*~ (outnumbered).
  3363 | D:3      | 3363 ||| Stepping ~*~*~tactically~*~*~ (outnumbered).
  3364 | D:3      | 3364 ||| Stepping ~*~*~tactically~*~*~ (outnumbered).
  3365 | D:3      | 3365 ||| Stepping ~*~*~tactically~*~*~ (outnumbered).
  3366 | D:3      | 3366 ||| Stepping ~*~*~tactically~*~*~ (outnumbered).
  3367 | D:3      | 3367 ||| Stepping ~*~*~tactically~*~*~ (outnumbered).
  3368 | D:3      | 3368 ||| Stepping ~*~*~tactically~*~*~ (outnumbered).
  3373 | D:3      | Reached skill level 4 in Unarmed Combat
  3590 | Sewer    | Entered a sewer
  3676 | Sewer    | Noticed Pargi
  3699 | Sewer    | HP: 10/40 [Pargi (2)]
  3700 | Sewer    | 3700 ||| DRINKING potion of heal wounds.
  3707 | Sewer    | HP: 9/40 [Pargi (4)]
  3709 | Sewer    | HP: 2/40 [Pargi (7)]
  3711 | Sewer    | Slain by Pargi

Levels and vault maps discovered:
D:1:      sevenhm_arrival_forest_fort_large_3, layout_basic,
          minmay_misc_feat_enclosed, serial_bayou_pond_a,
          minmay_misc_feat_ornament, st_stairs_10, minmay_tree_intersection,
          lemuel_flame_loot_1
D:2:      minmay_razor_zed, layout_basic, hellmonk_ecumenical_altar_blasted
D:3:      kennysheep_six_static_rooms, layout_loops_ring, portal_sewer_entry_c,
          uniq_natasha
Sewer:    sewer_co_pargi_island

Skill      XL: |  1  2  3  4  5 |
---------------+----------------+-----
Unarmed Combat | 1 3 4 |  4.1
Fighting       | 1 |  1.5
Shields        | 1 2 |  2.0
Dodging        | |  1.7
Stealth        | |  2.1
Spellcasting   | |  1.7
Conjurations   | |  0.7
Fire Magic     | |  2.4

Action                   |  1- 3 |  4- 6 || total
-------------------------+-------+-------++-------
Melee: Unarmed           |   120 |   151 ||   271
Throw: Boomerang         |    17 |    10 ||    27
  Use: Scroll            |     4 |     3 ||     7
       Potion            |     1 |     2 ||     3
 Stab: Distracted        |       |     1 ||     1
Armor: Robe              |     6 |       ||     6
       Leather armour    |    12 |    12 ||    24
       Scale mail        |       |    64 ||    64
Dodge: Dodged            |    48 |    66 ||   114
Block: Kite shield       |    24 |    65 ||    89

Table legend:
 A = Non-vault XP
 B = Vault XP
 C = Vault XP percentage of total XP
 D = Non-vault monster count
 E = Vault monster count
 F = Vault count percentage of total count
                 A         B        C        D         E       F
            +---------+---------+-------+---------+---------+-------
      Total |     137 |      78 |  36.3 |      43 |      22 |  33.8
            +---------+---------+-------+---------+---------+-------
        D:1 |      52 |       2 |   3.7 |      22 |       2 |   8.3
        D:2 |      43 |      41 |  48.8 |      17 |      12 |  41.4
        D:3 |      42 |      32 |  43.2 |       4 |       5 |  55.6
      Sewer |       0 |       3 | 100.0 |       0 |       3 | 100.0
            +---------+---------+-------+---------+---------+-------
